[Event "GambitGuide"]
[Site "Internet Chess Club"]
[Date "2014.10.31"]
[Round "1"]
[White "JSBach"]
[Black "Joennyxan"]
[Result "1-0"]
[ICCResult "Black resigns"]
[WhiteElo "1602"]
[BlackElo "843"]
[Opening "Vienna: `Frankenstein-Dracula' variation"]
[ECO "C27"]
[NIC "VG.02"]
[Time "12:26:12"]
[TimeControl "120+12"]

1. e4 e5 2. Nc3 Nf6 3. Bc4 Nxe4 4. Qh5 Nd6 5. Bb3 Nc6 6. Nb5 g6 7. Qf3 f5 8.
Qd5 Qe7 9. Nxc7+ Kd8 10. Nxa8 b6 11. d3 e4 12. dxe4 Nxe4 13. Be3 Bh6 14.
Nxb6 axb6 15. Bxb6+ Ke8 16. Kd1 Nb4 17. Qa8 Nd6 18. Bc5 {Black resigns} 1-0

[Event "GambitGuide"]
[Site "Internet Chess Club"]
[Date "2014.10.31"]
[Round "1"]
[White "JSBach"]
[Black "lebko"]
[Result "1-0"]
[ICCResult "Black resigns"]
[WhiteElo "1602"]
[BlackElo "1864"]
[Opening "Vienna: `Frankenstein-Dracula' variation"]
[ECO "C27"]
[NIC "VG.02"]
[Time "12:26:50"]
[TimeControl "120+12"]

1. e4 e5 2. Nc3 Nf6 3. Bc4 Nxe4 4. Qh5 Nd6 5. Bb3 Nc6 6. Nb5 g6 7. Qf3 f5 8.
Qd5 Qe7 9. Nxc7+ Kd8 10. Nxa8 b6 11. d3 Bb7 12. Nxb6 axb6 13. Qf3 Nd4 14.
Qh3 Bg7 15. Be3 f4 16. Bxd4 exd4+ 17. Kf1 Nf5 18. Ne2 Be5 19. Re1 Qf6 20.
Ng1 g5 21. Nf3 d6 22. Qh5 h6 23. Qg4 Kc7 24. Bc4 Bc8 25. Nxe5 dxe5 26. Qe2
Re8 27. Bb5 Re7 28. Qf3 Bb7 29. Qe2 Nh4 30. f3 g4 31. Qf2 h5 32. Rg1 Qg5 33.
c3 g3 34. hxg3 fxg3 35. Qc2 Qf4 36. cxd4+ Kb8 37. dxe5 Bxf3 38. Qa4 Bd1+ 39.
Qxf4 {Black resigns} 1-0

[Event "GambitGuide"]
[Site "Internet Chess Club"]
[Date "2014.10.31"]
[Round "1"]
[White "JSBach"]
[Black "FatMaHa"]
[Result "1-0"]
[ICCResult "Black resigns"]
[WhiteElo "1602"]
[BlackElo "1846"]
[Opening "Vienna: `Frankenstein-Dracula' variation"]
[ECO "C27"]
[NIC "VG.02"]
[Time "12:26:31"]
[TimeControl "120+12"]

1. e4 e5 2. Nc3 Nf6 3. Bc4 Nxe4 4. Qh5 Nd6 5. Bb3 Nc6 6. Nb5 g6 7. Qf3 f5 8.
Qd5 Qe7 9. Nxc7+ Kd8 10. Nxa8 b6 11. d3 Bb7 12. Nxb6 axb6 13. Qf3 h6 14. Qg3
g5 15. Be3 Kc7 16. Qf3 e4 17. Qe2 f4 18. Bd2 Bg7 19. dxe4 Nxe4 20. O-O-O Nd4
21. Qc4+ Bc6 22. Bb4 Qf6 23. Rf1 Ne2+ 24. Nxe2 Qxb2+ 25. Kd1 b5 26. Qf7 Bc3
27. Nxc3 Nxc3+ 28. Kd2 Ne4+ 29. Ke2 Nc3+ 30. Kd2 Ne4+ 31. Ke2 Nc3+ 32. Bxc3
Qxc3 33. Rd1 Qe5+ 34. Kf1 Re8 35. Qh5 Qe4 36. Qg4 h5 37. Qf3 Qb4 38. Qxh5 f3
39. gxf3 Bxf3 40. Qxf3 {Black resigns} 1-0

[Event "GambitGuide"]
[Site "Internet Chess Club"]
[Date "2014.10.31"]
[Round "1"]
[White "JSBach"]
[Black "lebko"]
[Result "1-0"]
[ICCResult "Black resigns"]
[WhiteElo "1602"]
[BlackElo "1864"]
[Opening "Vienna: `Frankenstein-Dracula' variation"]
[ECO "C27"]
[NIC "VG.02"]
[Time "12:28:57"]
[TimeControl "120+12"]

1. e4 e5 2. Nc3 Nf6 3. Bc4 Nxe4 4. Qh5 Nd6 5. Bb3 Nc6 6. Nb5 g6 7. Qf3 f5 8.
Qd5 Qe7 9. Nxc7+ Kd8 10. Nxa8 b6 11. d3 b5 12. a4 b4 13. Nf3 Bb7 14. Bg5
{Black resigns}
1-0

[Event "GambitGuide"]
[Site "Internet Chess Club"]
[Date "2014.10.31"]
[Round "1"]
[White "JSBach"]
[Black "Chanya"]
[Result "1-0"]
[ICCResult "Black resigns"]
[WhiteElo "1602"]
[BlackElo "1400"]
[Opening "Vienna: `Frankenstein-Dracula' variation"]
[ECO "C27"]
[NIC "VG.02"]
[Time "12:29:43"]
[TimeControl "120+12"]

1. e4 e5 2. Nc3 Nf6 3. Bc4 Nxe4 4. Qh5 Nd6 5. Bb3 Nc6 6. Nb5 g6 7. Qf3 f5 8.
Qd5 Qe7 9. Nxc7+ Kd8 10. Nxa8 b6 11. d3 Nc4 12. Bxc4 Qf7 13. Qxf7
{Black resigns}
1-0

[Event "GambitGuide"]
[Site "Internet Chess Club"]
[Date "2014.10.31"]
[Round "1"]
[White "JSBach"]
[Black "Joennyxan"]
[Result "1-0"]
[ICCResult "Black resigns"]
[WhiteElo "1602"]
[BlackElo "843"]
[Opening "Vienna: `Frankenstein-Dracula' variation"]
[ECO "C27"]
[NIC "VG.02"]
[Time "12:29:03"]
[TimeControl "120+12"]

1. e4 e5 2. Nc3 Nf6 3. Bc4 Nxe4 4. Qh5 Nd6 5. Bb3 Nc6 6. Nb5 g6 7. Qf3 f5 8.
Qd5 Qe7 9. Nxc7+ Kd8 10. Nxa8 b6 11. d3 Bb7 12. Nxb6 axb6 13. Qf3 Nd4 14.
Qg3 Nxb3 15. axb3 e4 16. Bg5 exd3+ 17. Bxe7+ {Black resigns} 1-0

[Event "GambitGuide"]
[Site "Internet Chess Club"]
[Date "2014.10.31"]
[Round "1"]
[White "JSBach"]
[Black "lebko"]
[Result "1-0"]
[ICCResult "Black resigns"]
[WhiteElo "1602"]
[BlackElo "1864"]
[Opening "Vienna: `Frankenstein-Dracula' variation"]
[ECO "C27"]
[NIC "VG.02"]
[Time "12:29:22"]
[TimeControl "120+12"]

1. e4 e5 2. Nc3 Nf6 3. Bc4 Nxe4 4. Qh5 Nd6 5. Bb3 Nc6 6. Nb5 g6 7. Qf3 f5 8.
Qd5 Qe7 9. Nxc7+ Kd8 10. Nxa8 b6 11. d3 Bb7 12. Nxb6 axb6 13. Qf3 Bg7 14.
Be3 Re8 15. Bxb6+ Kc8 16. Qd5 e4 17. Bc5 Kc7 18. O-O-O Qf6 19. Bxd6+ Qxd6
20. Qxd6+ Kxd6 21. Bf7 Re7 22. dxe4+ Kc7 23. Bd5 fxe4 24. c4 Ne5 25. Kb1
Bxd5 26. cxd5 Kd6 27. f3 e3 28. Ne2 Nc4 29. b4 Na3+ 30. Kc1 Re5 31. Rd3 Rxd5
32. Rhd1 Rxd3 33. Rxd3+ Kc6 34. Rxa3 {Black resigns} 1-0

[Event "GambitGuide"]
[Site "Internet Chess Club"]
[Date "2014.10.31"]
[Round "1"]
[White "JSBach"]
[Black "Chanya"]
[Result "1-0"]
[ICCResult "Black checkmated"]
[WhiteElo "1602"]
[BlackElo "1400"]
[Opening "Vienna: `Frankenstein-Dracula' variation"]
[ECO "C27"]
[NIC "VG.02"]
[Time "12:30:07"]
[TimeControl "120+12"]

1. e4 e5 2. Nc3 Nf6 3. Bc4 Nxe4 4. Qh5 Nd6 5. Bb3 Nc6 6. Nb5 g6 7. Qf3 f5 8.
Qd5 Qe7 9. Nxc7+ Kd8 10. Nxa8 b6 11. d3 Nb4 12. Bg5 h6 13. Bxe7+ Bxe7 14.
Qxe5 Bf6 15. Qxf6+ Ke8 16. Nc7# {Black checkmated} 1-0

[Event "GambitGuide"]
[Site "Internet Chess Club"]
[Date "2014.10.31"]
[Round "1"]
[White "JSBach"]
[Black "Anunnaki"]
[Result "0-1"]
[ICCResult "White checkmated"]
[WhiteElo "1602"]
[BlackElo "1672"]
[Opening "Vienna: `Frankenstein-Dracula' variation"]
[ECO "C27"]
[NIC "VG.02"]
[Time "12:30:23"]
[TimeControl "120+12"]

1. e4 e5 2. Nc3 Nf6 3. Bc4 Nxe4 4. Qh5 Nd6 5. Bb3 Nc6 6. Nb5 g6 7. Qf3 f5 8.
Qd5 Qe7 9. Nxc7+ Kd8 10. Nxa8 b6 11. d3 Bb7 12. Nxb6 axb6 13. Qf3 Nd4 14.
Qg3 f4 15. Qg4 e4 16. Kf1 exd3 17. cxd3 Ba6 18. Qh3 f3 19. gxf3 Bxd3+ 20.
Kg2 N6f5 21. Bd5 Nh4+ 22. Kg3 Ndf5+ 23. Qxf5 Nxf5+ 24. Kg2 Bh6 25. Bxh6 Nxh6
26. Be4 Qg5+ 27. Kh3 Bxe4 28. fxe4 Qg4# {White checkmated} 0-1

[Event "GambitGuide"]
[Site "Internet Chess Club"]
[Date "2014.10.31"]
[Round "1"]
[White "JSBach"]
[Black "almoehi"]
[Result "0-1"]
[ICCResult "White checkmated"]
[WhiteElo "1602"]
[BlackElo "1458"]
[Opening "Vienna: `Frankenstein-Dracula' variation"]
[ECO "C27"]
[NIC "VG.02"]
[Time "12:23:37"]
[TimeControl "120+12"]

1. e4 e5 2. Nc3 Nf6 3. Bc4 Nxe4 4. Qh5 Nd6 5. Bb3 Nc6 6. Nb5 g6 7. Qf3 f5 8.
Qd5 Qe7 9. Nxc7+ Kd8 10. Nxa8 b6 11. d3 e4 12. dxe4 Nxe4 13. Be3 f4 14. f3
Nf6 15. Qf7 Qxe3+ 16. Ne2 Be7 17. Rd1 Rf8 18. Qc4 Bb7 19. Nxb6 axb6 20. Qxf4
Qxf4 21. Nxf4 Kc7 22. c3 Na5 23. Bc2 g5 24. Nd3 g4 25. O-O gxf3 26. Rfe1 Bd6
27. b4 Nc4 28. Bb3 b5 29. a4 Ng4 30. Bxc4 bxc4 31. g3 f2+ 32. Nxf2 Nxf2 33.
h3 Nxd1 34. Rxd1 Bxg3 35. Rd2 Re8 36. Rd1 Re3 37. b5 Rxc3 38. a5 Bf3 39. b6+
Kd8 40. Rf1 Rb3 41. a6 Bb8 42. a7 Bxa7 43. bxa7 Ra3 44. Rxf3 Rxa7 45. Rf7 c3
46. Rf8+ Kc7 47. Rf3 Ra3 48. Rf5 Kc6 49. Rf4 d5 50. Rf6+ Kc5 51. Rf7 d4 52.
Rd7 Ra2 53. Rc7+ Kd6 54. Rc4 Kd5 55. Rc8 c2 56. Rd8+ Kc4 57. Rc8+ Kd3 58. h4
Kd2 59. Rxc2+ Rxc2 60. Kf2 Rc3 61. h5 Rh3 62. Kf1 Rxh5 63. Kg1 Rf5 64. Kg2
Ke3 65. Kh3 d3 66. Kg4 d2 67. Kxf5 d1=Q 68. Kg5 h5 69. Kf6 h4 70. Ke5 h3 71.
Ke6 h2 72. Ke7 h1=Q 73. Kf6 Kd2 74. Ke6 Qe2+ 75. Kd6 Qh6+ 76. Kc5 Qe4 77.
Kb5 Qg5+ 78. Kb6 Qe6+ 79. Kb7 Qg7+ 80. Kb8 Qe8# {White checkmated} 0-1

[Event "GambitGuide"]
[Site "Internet Chess Club"]
[Date "2014.10.31"]
[Round "1"]
[White "JSBach"]
[Black "Anunnaki"]
[Result "1-0"]
[ICCResult "Black resigns"]
[WhiteElo "1602"]
[BlackElo "1672"]
[Opening "Vienna: `Frankenstein-Dracula' variation"]
[ECO "C27"]
[NIC "VG.02"]
[Time "12:31:18"]
[TimeControl "120+12"]

1. e4 e5 2. Nc3 Nf6 3. Bc4 Nxe4 4. Qh5 Nd6 5. Bb3 Nc6 6. Nb5 g6 7. Qf3 f5 8.
Qd5 Qe7 9. Nxc7+ Kd8 10. Nxa8 b6 11. d3 Bb7 12. Nxb6 axb6 13. Qf3 Nd4 14.
Qg3 f4 15. Qg4 e4 16. Kf1 exd3 17. cxd3 Ba6 18. Qh3 f3 19. gxf3 Bxd3+ 20.
Kg2 N6f5 21. Bd5 Nh4+ 22. Kg3 Ndf5+ 23. Qxf5 Nxf5+ 24. Kg2 Qg5+ 25. Bxg5+
{Black resigns}
1-0

[Event "GambitGuide"]
[Site "Internet Chess Club"]
[Date "2014.10.31"]
[Round "1"]
[White "JSBach"]
[Black "Joennyxan"]
[Result "1-0"]
[ICCResult "Black resigns"]
[WhiteElo "1602"]
[BlackElo "843"]
[Opening "Vienna: `Frankenstein-Dracula' variation"]
[ECO "C27"]
[NIC "VG.02"]
[Time "12:30:25"]
[TimeControl "120+12"]

1. e4 e5 2. Nc3 Nf6 3. Bc4 Nxe4 4. Qh5 Nd6 5. Bb3 Nc6 6. Nb5 g6 7. Qf3 f5 8.
Qd5 Qe7 9. Nxc7+ Kd8 10. Nxa8 b6 11. d3 Bb7 12. Nxb6 axb6 13. Qf3 Nd4 14.
Qg3 f4 15. Qg4 {Black resigns} 1-0

[Event "GambitGuide"]
[Site "Internet Chess Club"]
[Date "2014.10.31"]
[Round "1"]
[White "JSBach"]
[Black "uncleralph123"]
[Result "1-0"]
[ICCResult "Black resigns"]
[WhiteElo "1602"]
[BlackElo "1400"]
[Opening "Vienna: `Frankenstein-Dracula' variation"]
[ECO "C27"]
[NIC "VG.02"]
[Time "12:29:06"]
[TimeControl "120+12"]

1. e4 e5 2. Nc3 Nf6 3. Bc4 Nxe4 4. Qh5 Nd6 5. Bb3 Nc6 6. Nb5 g6 7. Qf3 f5 8.
Qd5 Qe7 9. Nxc7+ Kd8 10. Nxa8 b6 11. d3 Qe6 12. Qxe6 dxe6 13. Bg5+ Be7 14.
Ba4 Bxg5 15. Bxc6 b5 16. a4 Ba6 17. axb5 Bxb5 18. Bxb5 Nxb5 19. Nh3 h6 20.
Nxg5 hxg5 21. c4 Nd4 22. Rxa7 e4 23. dxe4 fxe4 24. Rg7 Nc2+ 25. Kd1 Nb4 26.
Nc7 Re8 27. Nxe8 {Black resigns} 1-0

[Event "GambitGuide"]
[Site "Internet Chess Club"]
[Date "2014.10.31"]
[Round "1"]
[White "JSBach"]
[Black "nsideurheadbro"]
[Result "1-0"]
[ICCResult "Black checkmated"]
[WhiteElo "1602"]
[BlackElo "1184"]
[Opening "Vienna: `Frankenstein-Dracula' variation"]
[ECO "C27"]
[NIC "VG.02"]
[Time "12:30:46"]
[TimeControl "120+12"]

1. e4 e5 2. Nc3 Nf6 3. Bc4 Nxe4 4. Qh5 Nd6 5. Bb3 Nc6 6. Nb5 g6 7. Qf3 f5 8.
Qd5 Qe7 9. Nxc7+ Kd8 10. Nxa8 b6 11. d3 Bb7 12. Nxb6 axb6 13. Qf3 f4 14. Bd2
Bh6 15. Qh3 Nf5 16. g4 Ncd4 17. gxf5 Bxh1 18. Qxh6 Nxf5 19. Qh3 Bc6 20. Qg4
Rf8 21. Ne2 e4 22. Qxf4 exd3 23. Qb8# {Black checkmated} 1-0

[Event "GambitGuide"]
[Site "Internet Chess Club"]
[Date "2014.10.31"]
[Round "1"]
[White "JSBach"]
[Black "lebko"]
[Result "1-0"]
[ICCResult "Black resigns"]
[WhiteElo "1602"]
[BlackElo "1864"]
[Opening "Vienna: `Frankenstein-Dracula' variation"]
[ECO "C27"]
[NIC "VG.02"]
[Time "12:30:50"]
[TimeControl "120+12"]

1. e4 e5 2. Nc3 Nf6 3. Bc4 Nxe4 4. Qh5 Nd6 5. Bb3 Nc6 6. Nb5 g6 7. Qf3 f5 8.
Qd5 Qe7 9. Nxc7+ Kd8 10. Nxa8 b6 11. d3 Bb7 12. Nxb6 axb6 13. Qf3 Nd4 14.
Qh3 e4 15. Be3 exd3 16. O-O-O Nxb3+ 17. cxb3 Kc7 18. Rxd3 Be4 19. Rc3+ Kb7
20. f3 Bc6 21. Bd4 Bg7 22. Bxg7 Qxg7 23. Qg3 Nb5 24. Rc2 Nd4 25. Rc4 b5 26.
Rc3 Re8 27. Kb1 f4 28. Qxf4 Re1+ 29. Rc1 Qe7 30. Qxd4 Rxc1+ 31. Kxc1 Qe1+
32. Kc2 {Black resigns} 1-0

[Event "GambitGuide"]
[Site "Internet Chess Club"]
[Date "2014.10.31"]
[Round "1"]
[White "JSBach"]
[Black "dbv"]
[Result "1-0"]
[ICCResult "Black resigns"]
[WhiteElo "1602"]
[BlackElo "2019"]
[Opening "Vienna: `Frankenstein-Dracula' variation"]
[ECO "C27"]
[NIC "VG.02"]
[Time "12:35:37"]
[TimeControl "120+12"]

1. e4 e5 2. Nc3 Nf6 3. Bc4 Nxe4 4. Qh5 Nd6 5. Bb3 Nc6 6. Nb5 g6 7. Qf3 f5 8.
Qd5 Qe7 9. Nxc7+ Kd8 10. Nxa8 b6 11. d3 e4 12. dxe4 fxe4 13. Bg5 {Black
resigns} 1-0

[Event "GambitGuide"]
[Site "Internet Chess Club"]
[Date "2014.10.31"]
[Round "1"]
[White "JSBach"]
[Black "nsideurheadbro"]
[Result "1-0"]
[ICCResult "Black resigns"]
[WhiteElo "1602"]
[BlackElo "1184"]
[Opening "Vienna: `Frankenstein-Dracula' variation"]
[ECO "C27"]
[NIC "VG.02"]
[Time "12:33:17"]
[TimeControl "120+12"]

1. e4 e5 2. Nc3 Nf6 3. Bc4 Nxe4 4. Qh5 Nd6 5. Bb3 Nc6 6. Nb5 g6 7. Qf3 f5 8.
Qd5 Qe7 9. Nxc7+ Kd8 10. Nxa8 b6 11. d3 Bb7 12. Nxb6 axb6 13. Qf3 f4 14. Qg4
Bh6 15. Bd2 e4 16. Bxf4 exd3+ 17. Kf1 Ne5 18. Bxe5 Qxe5 19. Re1 dxc2 20.
Rxe5 c1=Q+ 21. Re1 Ba6+ 22. Ne2 Qd2 23. Qa4 Bb5 24. Qa7 Re8 25. Qxb6+ Ke7
26. a4 Bd3 27. Bd5 Kf8 28. Qxd6+ Re7 29. Qf6+ Ke8 30. Qf3 Bxe2+ 31. Qxe2
Rxe2 32. Rxe2+ {Black resigns} 1-0

[Event "GambitGuide"]
[Site "Internet Chess Club"]
[Date "2014.10.31"]
[Round "1"]
[White "JSBach"]
[Black "dbv"]
[Result "1-0"]
[ICCResult "Black resigns"]
[WhiteElo "1602"]
[BlackElo "2019"]
[Opening "Vienna: `Frankenstein-Dracula' variation"]
[ECO "C27"]
[NIC "VG.02"]
[Time "12:36:09"]
[TimeControl "120+12"]

1. e4 e5 2. Nc3 Nf6 3. Bc4 Nxe4 4. Qh5 Nd6 5. Bb3 Nc6 6. Nb5 g6 7. Qf3 f5 8.
Qd5 Qe7 9. Nxc7+ Kd8 10. Nxa8 b6 11. d3 e4 12. dxe4 Nxe4 13. Be3 Bg7 14.
O-O-O Bb7 15. Bxb6+ axb6 16. Nxb6 Kc7 17. Qb5 Nxf2 18. Nd5+ {Black resigns}
1-0

[Event "GambitGuide"]
[Site "Internet Chess Club"]
[Date "2014.10.31"]
[Round "1"]
[White "JSBach"]
[Black "JoseLL23"]
[Result "0-1"]
[ICCResult "White checkmated"]
[WhiteElo "1602"]
[BlackElo "1601"]
[Opening "Vienna: `Frankenstein-Dracula' variation"]
[ECO "C27"]
[NIC "VG.02"]
[Time "12:26:38"]
[TimeControl "120+12"]

1. e4 e5 2. Nc3 Nf6 3. Bc4 Nxe4 4. Qh5 Nd6 5. Bb3 Nc6 6. Nb5 g6 7. Qf3 f5 8.
Qd5 Qe7 9. Nxc7+ Kd8 10. Nxa8 b6 11. d3 Bb7 12. Nxb6 axb6 13. Qf3 Bg7 14.
Be3 b5 15. Bd5 Re8 16. Bb6+ Kc8 17. c4 bxc4 18. Rc1 cxd3 19. Qxd3 e4 20. Qd2
Qe5 21. b4 Kb8 22. Rc5 e3 23. fxe3 Qxe3+ 24. Qxe3 Rxe3+ 25. Kf2 Bd4 26. Rxc6
dxc6 27. Bxd4 Rd3 28. Bxc6 Rxd4 29. Bxb7 Kxb7 30. a3 Ne4+ 31. Ke3 Rd2 32. g4
Ra2 33. gxf5 gxf5 34. b5 Rxa3+ 35. Ke2 Kb6 36. Ke1 f4 37. Kf1 f3 38. Nxf3
Rxf3+ 39. Ke2 Rb3 40. Rf1 Kxb5 41. Rf7 Rh3 42. Re7 Rxh2+ 43. Ke3 Nf6 44.
Rb7+ Kc6 45. Rb1 Kd6 46. Rb5 Ke6 47. Kf4 Rg2 48. Rb6+ Kf7 49. Rb7+ Kg6 50.
Kf3 Rg5 51. Ke2 h5 52. Rb4 Rg4 53. Rb3 h4 54. Rh3 Kg5 55. Kd1 Rg3 56. Rh2
Kg4 57. Kc2 h3 58. Rh1 Rg2+ 59. Kd3 Kg3 60. Rf1 Ng4 61. Kd4 h2 62. Rc1 Rg1
63. Rc3+ Kh4 64. Rc7 Nf6 65. Rf7 h1=Q 66. Rxf6 Rd1+ 67. Kc3 Qe1+ 68. Kc4
Qe4+ 69. Kb3 Rd3+ 70. Kb2 Qe2+ 71. Kb1 Rd1# {White checkmated} 0-1

[Event "GambitGuide"]
[Site "Internet Chess Club"]
[Date "2014.10.31"]
[Round "1"]
[White "JSBach"]
[Black "dbv"]
[Result "1-0"]
[ICCResult "Black resigns"]
[WhiteElo "1602"]
[BlackElo "2019"]
[Opening "Vienna: `Frankenstein-Dracula' variation"]
[ECO "C27"]
[NIC "VG.02"]
[Time "12:36:58"]
[TimeControl "120+12"]

1. e4 e5 2. Nc3 Nf6 3. Bc4 Nxe4 4. Qh5 Nd6 5. Bb3 Nc6 6. Nb5 g6 7. Qf3 f5 8.
Qd5 Qe7 9. Nxc7+ Kd8 10. Nxa8 b6 11. d3 Bb7 12. Nxb6 axb6 13. Qf3 e4 14. Qe3
Nb5 15. Qxb6+ {Black resigns} 1-0

[Event "GambitGuide"]
[Site "Internet Chess Club"]
[Date "2014.10.31"]
[Round "1"]
[White "JSBach"]
[Black "lebko"]
[Result "1-0"]
[ICCResult "Black resigns"]
[WhiteElo "1602"]
[BlackElo "1864"]
[Opening "Vienna: `Frankenstein-Dracula' variation"]
[ECO "C27"]
[NIC "VG.02"]
[Time "12:33:24"]
[TimeControl "120+12"]

1. e4 e5 2. Nc3 Nf6 3. Bc4 Nxe4 4. Qh5 Nd6 5. Bb3 Nc6 6. Nb5 g6 7. Qf3 f5 8.
Qd5 Qe7 9. Nxc7+ Kd8 10. Nxa8 b6 11. d3 Bb7 12. Nxb6 axb6 13. Qf3 Nd4 14.
Qh3 Bg7 15. Be3 e4 16. dxe4 Bxe4 17. c3 Nxb3 18. axb3 Bc6 19. Ne2 Kc7 20.
Ra6 Nc8 21. Rg1 h5 22. Qg3+ Kb7 23. Ra1 Bh6 24. Qxg6 Bxe3 25. fxe3 Qxe3 26.
Qxf5 Re8 27. Qf2 Qd3 28. Kf1 Bb5 29. c4 Bc6 30. Rh1 Qd6 31. Kg1 Rf8 32. Qd4
Qb4 33. Nf4 Qxb3 34. Nxh5 Rg8 35. Nf4 Rg4 36. h3 Rg8 37. Ra3 Qc2 38. Rh2
Qc1+ 39. Kf2 Rf8 40. g3 Qc2+ 41. Ke1 Qxh2 42. Kd1 Re8 43. Qc3 Qg1+ 44. Kc2
Re1 45. Kb3 Rc1 46. Qd3 Qd1+ 47. Qxd1 Rxd1 48. h4 Rg1 49. Kb4 Rg2 50. Nxg2
Bxg2 51. Rd3 Kc7 52. Re3 Nd6 53. g4 Ne4 54. h5 Nf6 55. h6 Kd6 56. g5 Nh7 57.
g6 Nf6 58. h7 {Black resigns} 1-0

[Event "GambitGuide"]
[Site "Internet Chess Club"]
[Date "2014.10.31"]
[Round "1"]
[White "JSBach"]
[Black "ulukios"]
[Result "1-0"]
[ICCResult "Black resigns"]
[WhiteElo "1602"]
[BlackElo "1915"]
[Opening "Vienna: `Frankenstein-Dracula' variation"]
[ECO "C27"]
[NIC "VG.02"]
[Time "12:34:30"]
[TimeControl "120+12"]

1. e4 e5 2. Nc3 Nf6 3. Bc4 Nxe4 4. Qh5 Nd6 5. Bb3 Nc6 6. Nb5 g6 7. Qf3 f5 8.
Qd5 Qe7 9. Nxc7+ Kd8 10. Nxa8 b6 11. d3 h6 12. Ba4 Bb7 13. Nxb6 axb6 14. Qb3
Nc8 15. Be3 Nd4 16. Bxd4 exd4+ 17. Kf1 Qc5 18. Qf7 b5 19. Qf6+ Kc7 20. Qxh8
bxa4 21. Ne2 Qb4 22. Re1 Bc5 23. Qxh6 Qxb2 24. Qxg6 Ne7 25. Qf6 Qxa2 26.
Qe5+ Bd6 27. Qa5+ Kc8 28. Nxd4 a3 29. Nb5 Qd5 30. Nxd6+ Qxd6 31. Qc3+ Kb8
32. Rb1 a2 33. Rb5 Qc6 34. Qe5+ d6 35. Rxb7+ Qxb7 36. Qxd6+ Kc8 37. Qe6+ Kd8
38. Qxa2 {Black resigns} 1-0

[Event "GambitGuide"]
[Site "Internet Chess Club"]
[Date "2014.10.31"]
[Round "1"]
[White "JSBach"]
[Black "sporkrotator"]
[Result "1/2-1/2"]
[ICCResult "Game drawn by repetition"]
[WhiteElo "1602"]
[BlackElo "1400"]
[Opening "Vienna: `Frankenstein-Dracula' variation"]
[ECO "C27"]
[NIC "VG.02"]
[Time "12:31:11"]
[TimeControl "120+12"]

1. e4 e5 2. Nc3 Nf6 3. Bc4 Nxe4 4. Qh5 Nd6 5. Bb3 Nc6 6. Nb5 g6 7. Qf3 f5 8.
Qd5 Qe7 9. Nxc7+ Kd8 10. Nxa8 b6 11. d3 Bb7 12. Nxb6 axb6 13. Qf3 Bg7 14.
Be3 b5 15. Bd5 Nd4 16. Bxd4 exd4+ 17. Ne2 Kc7 18. Kf1 Bc6 19. Re1 Qf6 20.
Rg1 Ra8 21. a3 Ra4 22. Nf4 g5 23. Nh5 Qg6 24. Bxc6 dxc6 25. Re7+ Kb6 26.
Rxg7 Qe6 27. Rxg5 b4 28. Ng7 Qe7 29. h4 bxa3 30. bxa3 Rxa3 31. Qd1 h6 32.
Rg6 Qe5 33. Rxh6 Nb5 34. Ne6 Nc3 35. Nf8 Qa5 36. Qc1 Ra1 37. Nd7+ Ka7 38.
Qe1 Rxe1+ 39. Kxe1 Nb1+ 40. Kf1 Qd2 41. f3 Nc3 42. Re6 Nd5 43. Re2 Ne3+ 44.
Kf2 Qa5 45. h5 f4 46. h6 Qh5 47. Ra1+ Kb7 48. Ra4 Qh4+ 49. Kg1 Qxh6 50. Rxd4
Qg7 51. Rxf4 Nd5 52. Nc5+ Kb6 53. Rc4 Qh6 54. g4 Qh3 55. Nd7+ Kc7 56. Ne5
Qg3+ 57. Kf1 Nf4 58. Rxc6+ Kb7 59. Re4 Nh3 60. Rb4+ Ka7 61. Rc7+ Ka6 62.
Ra4+ Kb5 63. c4+ Kb6 64. Rc6+ Kb7 65. Rb4+ Ka7 66. Rc7+ Ka6 67. Ra4+ Kb6 68.
Rc6+ Kb7 69. Rb4+ Ka7 70. Rc7+ Ka6 71. Ra4+ Kb6 {Game drawn by repetition}
1/2-1/2

[Event "GambitGuide"]
[Site "Internet Chess Club"]
[Date "2014.10.31"]
[Round "1"]
[White "JSBach"]
[Black "robbe"]
[Result "1-0"]
[ICCResult "Black resigns"]
[WhiteElo "1602"]
[BlackElo "1327"]
[Opening "Vienna: `Frankenstein-Dracula' variation"]
[ECO "C27"]
[NIC "VG.02"]
[Time "12:38:00"]
[TimeControl "120+12"]

1. e4 e5 2. Nc3 Nf6 3. Bc4 Nxe4 4. Qh5 Nd6 5. Bb3 Nc6 6. Nb5 g6 7. Qf3 f5 8.
Qd5 Qe7 9. Nxc7+ Kd8 10. Nxa8 b6 11. d3 Bb7 12. Nxb6 axb6 13. Qf3 Na5 14.
Qg3 e4 15. Bg5 {Black resigns} 1-0

[Event "GambitGuide"]
[Site "Internet Chess Club"]
[Date "2014.10.31"]
[Round "1"]
[White "JSBach"]
[Black "bizonix747"]
[Result "1-0"]
[ICCResult "Black resigns"]
[WhiteElo "1602"]
[BlackElo "1435"]
[Opening "Vienna: `Frankenstein-Dracula' variation"]
[ECO "C27"]
[NIC "VG.02"]
[Time "12:37:50"]
[TimeControl "120+12"]

1. e4 e5 2. Nc3 Nf6 3. Bc4 Nxe4 4. Qh5 Nd6 5. Bb3 Nc6 6. Nb5 g6 7. Qf3 f5 8.
Qd5 Qe7 9. Nxc7+ Kd8 10. Nxa8 b6 11. d3 Ba6 12. Nf3 e4 13. Bg5 exf3+ 14.
Bxe7+ Bxe7 15. Ba4 {Black resigns} 1-0

[Event "GambitGuide"]
[Site "Internet Chess Club"]
[Date "2014.10.31"]
[Round "1"]
[White "JSBach"]
[Black "Wittgenstein"]
[Result "1/2-1/2"]
[ICCResult "Game drawn by repetition"]
[WhiteElo "1602"]
[BlackElo "1888"]
[Opening "Vienna: `Frankenstein-Dracula' variation"]
[ECO "C27"]
[NIC "VG.02"]
[Time "12:36:06"]
[TimeControl "120+12"]

1. e4 e5 2. Nc3 Nf6 3. Bc4 Nxe4 4. Qh5 Nd6 5. Bb3 Nc6 6. Nb5 g6 7. Qf3 f5 8.
Qd5 Qe7 9. Nxc7+ Kd8 10. Nxa8 b6 11. d3 Bb7 12. Nxb6 axb6 13. Qf3 Bg7 14.
Be3 Nc8 15. Qd5 Na5 16. Bxb6+ Nxb6 17. Qxa5 Bxg2 18. Qxb6+ Ke8 19. Qb8+ Qd8
20. Qxd8+ Kxd8 21. Bd5 Bxd5 22. f3 e4 23. dxe4 fxe4 24. O-O-O Bc6 25. Rf1
exf3 26. Rxf3 Bxf3 27. Nxf3 Rf8 28. Ng5 h6 29. Ne4 Rf4 30. Re1 Rh4 31. Re2
Be5 32. Ng3 d6 33. b3 Rh3 34. Nf1 Rf3 35. Nd2 Rh3 36. Nf1 Rf3 37. Nd2 Rh3
38. Nf1 Rf3 39. Nd2 Rh3 40. Nf1 Rf3 41. Nd2 Rh3 42. Nf1 Rf3 43. Ne3 h5 44.
Kd2 Bf4 45. a4 Kc7 46. b4 Kb6 47. Kd3 Bxe3 48. Rxe3 Rf2 49. a5+ Kb5 50. Re2
Rf3+ 51. Re3 Rf2 52. Re2 Rf3+ 53. Re3 Rf2 54. Re2 Rf3+ 55. Re3 Rf2 56. Re2
Rf3+ 57. Re3 {Game drawn by repetition} 1/2-1/2

[Event "GambitGuide"]
[Site "Internet Chess Club"]
[Date "2014.10.31"]
[Round "1"]
[White "JSBach"]
[Black "asadue"]
[Result "1-0"]
[ICCResult "Black resigns"]
[WhiteElo "1602"]
[BlackElo "1270"]
[Opening "Vienna: `Frankenstein-Dracula' variation"]
[ECO "C27"]
[NIC "VG.02"]
[Time "12:38:14"]
[TimeControl "120+12"]

1. e4 e5 2. Nc3 Nf6 3. Bc4 Nxe4 4. Qh5 Nd6 5. Bb3 Nc6 6. Nb5 g6 7. Qf3 f5 8.
Qd5 Qe7 9. Nxc7+ Kd8 10. Nxa8 b6 11. d3 Bb7 12. Nxb6 axb6 13. Qf3 Kc7 14.
Bd2 e4 15. Qe3 h5 16. Bd5 Bh6 17. f4 Bg7 18. O-O-O Ra8 19. dxe4 Nxe4 20. Nf3
Rxa2 21. Bxa2 {Black resigns} 1-0

[Event "GambitGuide"]
[Site "Internet Chess Club"]
[Date "2014.10.31"]
[Round "1"]
[White "JSBach"]
[Black "bizonix747"]
[Result "1-0"]
[ICCResult "Black checkmated"]
[WhiteElo "1602"]
[BlackElo "1435"]
[Opening "Vienna: `Frankenstein-Dracula' variation"]
[ECO "C27"]
[NIC "VG.02"]
[Time "12:38:31"]
[TimeControl "120+12"]

1. e4 e5 2. Nc3 Nf6 3. Bc4 Nxe4 4. Qh5 Nd6 5. Bb3 Nc6 6. Nb5 g6 7. Qf3 f5 8.
Qd5 Qe7 9. Nxc7+ Kd8 10. Nxa8 b6 11. d3 Ba6 12. Nf3 h6 13. Be3 f4 14. Bxb6+
axb6 15. Nxb6 e4 16. dxe4 Nxe4 17. O-O-O Nxf2 18. Qxd7+ Qxd7 19. Rxd7+ Ke8
20. Bf7# {Black checkmated} 1-0